 Dungeon Crawl Stone Soup version 0.23-a0-26-g9187234747 (webtiles) character file.

13048 Htamos the Fighter (level 12, -19/172 HPs)
             Began as a Hill Orc Fighter on Aug 3, 2018.
             Was a Priest of Beogh.
             Killed from afar by an ice dragon (38 damage)
             ... with a blast of cold
             ... on level 1 of the Lair of Beasts.
             The game lasted 00:26:33 (11313 turns).

Htamos the Fighter (Hill Orc Fighter)              Turns: 11313, Time: 00:26:33

Health: -19/172    AC: 14    Str: 39    XL:     12   Next: 1%
Magic:  0/13       EV:  9    Int:  5    God:    Beogh [***...]
Gold:   210        SH: 18    Dex: 10    Spells: 11/11 levels left

rFire    . . .     SeeInvis .   B - +4 broad axe
rCold    . . .     Gourm    .   c - +1 shield
rNeg     . . .     Faith    .   P - +2 scale mail of Grot {rElec rCorr Str+6 Int-3}
rPois    .         Spirit   +   p - +1 helmet
rElec    +         Reflect  +   J - scarf {Spirit}
rCorr    +         Harm     .   z - +0 pair of gloves
MR       +....                  (no boots)
Stlth    ..........             C - +4 amulet of reflection
HPRegen  0.38/turn              D - +4 ring of strength
MPRegen  0.13/turn              T - ring of protection from magic

@: berserking, very quick
A: no striking features
a: Smiting, Renounce Religion


You were on level 1 of the Lair of Beasts.
You worshipped Beogh.
Beogh was most pleased with you.
You were hungry.

You visited 2 branches of the dungeon, and saw 12 of its levels.
You also visited: Ossuary.

You collected 538 gold pieces.
You spent 328 gold pieces at shops.

Inventory:

Hand Weapons
 a - a +0 war axe
 B - a +4 broad axe (weapon)
 E - a +0 glaive
 K - a +0 war axe of freezing
 L - a +0 trident
Armour
 b - a +0 scale mail
 c - a +1 shield (worn)
 p - a +1 helmet (worn)
 s - a +0 chain mail
 x - the +1 leather armour of Kindness {Int+6 Dex+2}
   (You found it on level 4 of the Dungeon)

   It affects your intelligence (+6).
   It affects your dexterity (+2).
 z - a +0 pair of gloves (worn)
 F - a +0 plate armour
 J - a scarf of spirit shield (worn)
 M - a +1 cloak
 P - the +2 scale mail of Grot (worn) {rElec rCorr Str+6 Int-3}
   (You found it on level 10 of the Dungeon)

   It affects your strength (+6).
   It affects your intelligence (-3).
   It insulates you from electricity.
   It provides partial protection from all sources of acid and corrosion.
Jewellery
 m - a +3 ring of protection
 q - an uncursed ring of protection from cold
 w - an uncursed amulet of rage
 C - a +4 amulet of reflection (around neck)
 D - a +4 ring of strength (left hand)
 Q - an uncursed ring of positive energy
 T - a ring of protection from magic (right hand)
Wands
 n - a wand of polymorph (4)
 y - a wand of iceblast (1)
 I - a wand of enslavement (8)
 S - a wand of disintegration (4)
Scrolls
 e - 4 scrolls of identify
 g - 5 scrolls of remove curse
 h - 5 scrolls of teleportation
 l - 2 scrolls of enchant armour
 r - a scroll of fog
 u - 6 scrolls of fear
 H - a scroll of magic mapping
 O - a scroll of enchant weapon
 R - a scroll of amnesia
Potions
 d - a potion of ambrosia
 i - 3 potions of flight
 k - 2 potions of mutation
 t - 3 potions of agility
 A - a potion of degeneration
 G - 2 potions of brilliance
 N - 2 potions of might
 V - a potion of lignification {unknown}
Comestibles
 f - 19 rations


   Skills:
 + Level 13.3 Fighting
 + Level 12.6 Axes
 + Level 9.6 Armour
 + Level 9.5 Shields
 + Level 2.1 Invocations
 + Level 1.5 Evocations


You had 11 spell levels left.
You didn't know any spells.
Your spell library contained the following spells:

 Spells                   Type           Power        Failure   Level  Hunger
 Confuse                  Hex            #.......     99%         3    ####...
 Tukima's Dance           Hex            #.......     99%         3    ####...
 Spider Form              Tmut/Pois      #.........   99%         3    ####...
 Blade Hands              Tmut           #.........   100%        5    ######.
 Ice Form                 Ice/Tmut       #.......     100%        4    #####..
 Sticks to Snakes         Tmut           #.......     95%         2    ###....
 Ensorcelled Hibernation  Hex/Ice        #.....       95%         2    ###....
 Corona                   Hex            #......      86%         1    ##.....
 Beastly Appendage        Tmut           #.....       86%         1    ##.....
 Dazzling Spray           Conj/Hex       #.....       99%         3    ####...


Dungeon Overview and Level Annotations

Branches:
Dungeon (11/15)            Temple (0/1) D:6            Lair (1/6) D:10
    Orc: D:9-12

Altars:
Dithmenos
Makhleb
Trog

Shops:
D:6 !   D:7 [   D:8 [([

Annotations:
D:11 Snorg


Message History

* * * LOW HITPOINT WARNING * * *
The ice dragon closely misses you.
You see here a komodo dragon corpse.
Grimold hits the ice dragon with a mace.
The ice dragon breathes frost at you. The blast of cold hits you!
* * * LOW HITPOINT WARNING * * *
The electric eel shoots out a bolt of lightning at you!
The bolt of electricity hits you! You resist.
* * * LOW HITPOINT WARNING * * *
Grimold hits the ice dragon with a mace!
Okay, then.
As you read the scroll of fog, it crumbles to dust.
The scroll dissolves into smoke.
A red film seems to cover your vision as you go berserk!
You feel yourself moving faster!
You feel mighty! The ice dragon breathes frost at you.
The blast of cold hits you!
* * * LOW MAGIC WARNING * * *
You die...

.......#####
#.# ##.#..##
#.## ###..
#..# #..
##.# #.. #o#
.. #.## #o§#
##D§##
#@§§.#
#§§§§..#
#§.§§..#
#.......#
#........#
#......;≈#
#.....≈≈≈≈#
#≈..≈≈≈≈≈≈#


You could see an ice dragon and the friendly Grimold the orc knight.

Vanquished Creatures
  3 two-headed ogres
  Pikel (D:6)
  A wolf spider zombie (D:10)
  A black mamba (Lair:1)
  A gargoyle (D:10)
  A komodo dragon (Lair:1)
  2 trolls
  Grinder (D:3)
  A hippogriff (D:11)
  A wyvern (D:10)
  Eustachio (D:4)
  4 yaks (Lair:1)
  A basilisk (Lair:1)
  A steam dragon (D:9)
  Duvessa (D:5)
  A water moccasin (Lair:1)
  3 porcupines
  A black bear (D:11)
  4 orc warriors
  3 ice beasts
  2 sky beasts (D:7)
  2 phantoms
  7 ogres
  A crocodile (Lair:1)
  2 elf zombies (Ossuary)
  A big kobold (D:11)
  9 bullfrogs
  Dowan (D:5)
  3 scorpions
  6 wights
  3 howler monkeys (D:10)
  3 electric eels (D:11)
  6 crimson imps
  3 centaur zombies
  A bullfrog zombie (D:9)
  4 orc priests
  6 hounds
  4 jellies
  10 orc wizards
  Jessica (D:2)
  A bullfrog skeleton (D:7)
  2 centaur skeletons
  Terence (D:2)
  2 iguanas
  7 worker ants
  A big kobold zombie (Ossuary)
  3 hound skeletons
  2 mummies (Ossuary)
  A howler monkey zombie (D:9)
  A worker ant zombie (D:6)
  5 gnolls
  8 adders
  2 shadow imps (D:9)
  8 oozes
  An adder skeleton (D:3)
  A worm (D:4)
  2 dart slugs (D:1)
  7 leopard geckos
  24 orcs
  3 giant cockroaches
  7 goblins
  10 hobgoblins
  16 jackals
  8 kobolds
  3 quokkas
  3 bats
  5 frilled lizards
  A goblin zombie (Ossuary)
  8 hobgoblin zombies (Ossuary)
  A jackal zombie (Ossuary)
  6 kobold zombies (Ossuary)
  14 orc zombies (Ossuary)
  A quokka zombie (D:7)
  14 rats
  2 rat zombies (Ossuary)
  A fungus (D:10)
  A plant (D:11)
291 creatures vanquished.

Vanquished Creatures (collateral kills)
  Urug (D:11)
  A black mamba (Lair:1)
  A spiny frog (Lair:1)
  4 komodo dragons (Lair:1)
  A hog (D:11)
  A water moccasin (Lair:1)
  A porcupine (Lair:1)
  A crocodile (Lair:1)
  4 bullfrogs
  A hound (D:11)
  A gnoll (D:11)
  A fungus (Lair:1)
  2 plants
20 creatures vanquished.

Vanquished Creatures (others)
  A slave (D:6)
  A bullfrog (D:6)
  An orc wizard (D:6)
  2 gnolls (D:6)
  A worm (D:6)
  A leopard gecko (D:11)
  5 orcs
  2 fungi (D:10)
  3 plants
17 creatures vanquished.

Grand Total: 328 creatures vanquished

Notes
Turn   | Place    | Note
-------+----------+-------------------------------------------
     0 | D:1      | Htamos the Hill Orc Fighter began the quest for the Orb.
     0 | D:1      | Reached XP level 1. HP: 19/19 MP: 1/1
    25 | D:1      | Reached skill level 4 in Fighting
    25 | D:1      | Reached XP level 2. HP: 17/27 MP: 2/2
   284 | D:1      | Reached XP level 3. HP: 34/34 MP: 3/3
   981 | D:2      | Noticed Terence
   998 | D:2      | Killed Terence
   998 | D:2      | Reached skill level 5 in Fighting
   998 | D:2      | Reached XP level 4. HP: 30/42 MP: 4/4
  1133 | D:2      | Noticed Jessica
  1186 | D:2      | Killed Jessica
  1267 | D:2      | Reached XP level 5. HP: 50/50 MP: 5/5
  1510 | D:2      | Reached skill level 6 in Fighting
  1778 | D:3      | Noticed Grinder
  1787 | D:3      | Paralysed by Grinder for 7 turns
  1796 | D:3      | Killed Grinder
  1796 | D:3      | Reached skill level 7 in Fighting
  1796 | D:3      | Reached skill level 5 in Axes
  1796 | D:3      | Reached XP level 6. HP: 10/60 MP: 6/6
  1930 | D:3      | Noticed a moth of wrath
  1933 | D:3      | Found a bloodstained altar of Trog.
  2691 | D:4      | Reached skill level 8 in Fighting
  2691 | D:4      | Reached XP level 7. HP: 43/68 MP: 7/7
  2759 | D:4      | Found a sand-covered staircase.
  2769 | Ossuary  | Entered an ossuary
  2979 | Ossuary  | Reached skill level 9 in Fighting
  3304 | D:4      | Noticed Eustachio
  3343 | D:4      | Killed Eustachio
  3343 | D:4      | Reached XP level 8. HP: 46/78 MP: 8/8
  4228 | D:5      | Entered Level 5 of the Dungeon
  4264 | D:4      | Got a crude leather armour
  4265 | D:4      | Identified the +1 leather armour of Kindness {Int+6 Dex+2} (You found it on level 4 of the Dungeon)
  4421 | D:5      | Found a burning altar of Makhleb.
  4673 | D:5      | Noticed Dowan
  4675 | D:5      | Reached skill level 10 in Fighting
  4676 | D:5      | Noticed Duvessa
  4692 | D:5      | Killed Dowan
  4697 | D:5      | Killed Duvessa
  4991 | D:6      | Noticed Pikel
  5006 | D:6      | Killed Pikel
  5006 | D:6      | Reached skill level 5 in Armour
  5006 | D:6      | Reached skill level 5 in Shields
  5006 | D:6      | Reached XP level 9. HP: 86/86 MP: 9/9
  5125 | D:6      | Became a worshipper of Beogh the Brigand
  5197 | D:6      | Found a staircase to the Ecumenical Temple.
  5336 | D:6      | Found Onus Sau's Distillery.
  5342 | D:6      | Bought a potion of might for 60 gold pieces
  5342 | D:6      | Bought a potion of heal wounds for 75 gold pieces
  5342 | D:6      | Bought a potion of heal wounds for 75 gold pieces
  5342 | D:6      | Bought a potion of agility for 60 gold pieces
  5734 | D:6      | Reached * piety under Beogh
  6009 | D:7      | Reached skill level 11 in Fighting
  6721 | D:7      | You fall through a shaft!
  6728 | D:8      | Found Zill's Antique Weapon Emporium.
  6856 | D:7      | Found Feysitoo's Armour Shop.
  6859 | D:7      | Bought a +0 pair of gloves for 58 gold pieces
  7210 | D:8      | Reached skill level 10 in Axes
  7210 | D:8      | Reached XP level 10. HP: 67/96 MP: 6/10
  7518 | D:8      | Noticed a two-headed ogre
  7535 | D:8      | Killed a two-headed ogre
  7814 | D:8      | Found Zuodifil's Antique Armour Emporium.
  7924 | D:8      | Found Ythi Ryc's Armour Boutique.
  8227 | D:9      | Reached ** piety under Beogh
  8340 | D:9      | Found a shadowy altar of Dithmenos.
  8374 | D:9      | Reached skill level 12 in Fighting
  8697 | D:10     | Entered Level 10 of the Dungeon
  8715 | D:10     | Noticed a two-headed ogre
  8729 | D:10     | Killed a two-headed ogre
  8747 | D:10     | Reached XP level 11. HP: 103/105 MP: 9/11
  9275 | D:10     | Got a spiked scale mail
  9276 | D:10     | Identified the +2 scale mail of Grot {rElec rCorr Str+6 Int-3} (You found it on level 10 of the Dungeon)
  9325 | D:10     | Reached *** piety under Beogh
  9576 | D:10     | Found a staircase to the Lair.
  9612 | D:11     | Noticed Urug
  9634 | D:11     | Killed Urug
  9691 | D:11     | Gained Grimold as an ally
  9970 | D:11     | Noticed a two-headed ogre
  9971 | D:11     | Noticed Snorg
 10002 | D:10     | Killed a two-headed ogre
 10039 | Lair:1   | Entered Level 1 of the Lair of Beasts
 10060 | Lair:1   | Reached skill level 13 in Fighting
 10584 | Lair:1   | Reached skill level 1 in Invocations
 10712 | Lair:1   | Reached skill level 1 in Evocations
 11257 | Lair:1   | Noticed an ice dragon
 11289 | Lair:1   | Reached XP level 12. HP: 14/115 MP: 0/13
 11313 | Lair:1   | Killed from afar by an ice dragon

Vault maps used:
D:1:      dpeg_arrival_windows_large_door, supply_closet_lemuel
D:2:      uniq_terence, uniq_jessica
D:3:      first_ration, tgw_trog, uniq_grinder
D:4:      enter_ossuary_1, uniq_eustachio
D:5:      bloody_makhleb, uniq_duvessa
D:6:      minmay_temple_entry_hall, serial_shops, nicolae_shop_trees, uniq_pikel
D:7:      serial_shops, shop
D:8:      serial_shops, nicolae_shop_crystal, shop, shop
D:9:      hangedman_little_slice_of_home,
          nicolae_dithmenos_through_a_glass_darkly
D:10:     grunt_lair_entry_orc_guard_hut
D:11:     kennysheep_town, uniq_urug, uniq_snorg
Lair:1:   dragon1_lemuel
Ossuary:  ossuary_tomb_1

Skill      XL: |  1  2  3  4  5  6  7  8  9 10 11 |
---------------+----------------------------------+-----
Fighting       | 4 5 7 8 9 10 11 12 13 | 13.3
Axes           | 3 4 5 6 7 8 10 11 12 | 12.6
Armour         | 5 6 8 9 |  9.6
Shields        | 5 6 8 9 |  9.5
Invocations    | 2 |  2.1
Evocations     | 1 |  1.5

Action                   |  1- 3 |  4- 6 |  7- 9 | 10-12 || total
-------------------------+-------+-------+-------+-------++-------
Melee: War axe           |    84 |   158 |   168 |       ||   410
       Unarmed           |       |     4 |       |       ||     4
       Broad axe         |       |       |   216 |   301 ||   517
Invok: Convert to Beogh  |       |       |     1 |       ||     1
       Smiting           |       |       |       |     2 ||     2
Evoke: Wand              |       |       |       |    31 ||    31
  Use: Potion            |       |     7 |     3 |     9 ||    19
       Scroll            |       |     9 |     7 |    12 ||    28
 Stab: Paralysed         |       |       |       |     6 ||     6
  Eat: Chunk             |       |     6 |     8 |    13 ||    27
       Ration            |       |       |     2 |       ||     2
Armor: Scale mail        |    30 |    52 |    45 |    35 ||   162
       Skin              |       |     1 |       |       ||     1
       Chain mail        |       |       |    86 |       ||    86
       Plate armour      |       |       |    32 |    77 ||   109
Dodge: Dodged            |    26 |    70 |   105 |    79 ||   280
Block: Shield            |    35 |    74 |   194 |   180 ||   483

Table legend:
 A = Spawn XP
 B = Non-spawn XP
 C = Spawn XP percentage of total XP
 D = Spawn monster count
 E = Non-spawn monster count
 F = Spawn count percentage of total count
 G = Total turns spent on level
                    A         B        C        D         E        F      G
               +---------+---------+-------+---------+---------+-------+---------
         Total |       0 |   18640 |   0.0 |       0 |     308 |   0.0 | 11313
               +---------+---------+-------+---------+---------+-------+---------
           D:1 |       0 |      54 |   0.0 |       0 |      26 |   0.0 |   924
           D:2 |       0 |     133 |   0.0 |       0 |      17 |   0.0 |   726
           D:3 |       0 |     343 |   0.0 |       0 |      25 |   0.0 |  1077
           D:4 |       0 |     545 |   0.0 |       0 |      15 |   0.0 |  1267
           D:5 |       0 |     619 |   0.0 |       0 |      14 |   0.0 |   588
           D:6 |       0 |    1514 |   0.0 |       0 |      39 |   0.0 |   995
           D:7 |       0 |     907 |   0.0 |       0 |      17 |   0.0 |  1154
           D:8 |       0 |    1729 |   0.0 |       0 |      16 |   0.0 |   941
           D:9 |       0 |    1500 |   0.0 |       0 |      33 |   0.0 |   620
          D:10 |       0 |    4478 |   0.0 |       0 |      23 |   0.0 |  1252
          D:11 |       0 |    2186 |   0.0 |       0 |      22 |   0.0 |   394
        Lair:1 |       0 |    4260 |   0.0 |       0 |      22 |   0.0 |   970
       Ossuary |       0 |     372 |   0.0 |       0 |      39 |   0.0 |   405
               +---------+---------+-------+---------+---------+-------+---------
